 Dungeon Crawl Stone Soup version 0.28.0 (webtiles) character file.

Game seed: 8346213552781621150

4 jfcaron the Caller (level 1, -2/13 HPs)
             Began as a Barachi Summoner on Feb 16, 2022.
             Slain by a quokka (3 damage)
             ... on level 1 of the Dungeon.
             The game lasted 00:00:39 (138 turns).

jfcaron the Caller (Barachi Summoner)                Turns: 138, Time: 00:00:40

Health: -2/13      AC:  2    Str:  9    XL:     1   Next: 60%
Magic:  1/3        EV: 12    Int: 15    God:
Gold:   0          SH:  0    Dex: 12    Spells: 3/4 levels left

rFire   . . .      SeeInvis .   c - +0 dagger
rCold   . . .      Faith    .   (no shield)
rNeg    . . .      Spirit   .   a - +0 robe
rPois   .          Reflect  .   (no helmet)
rElec   .          Harm     .   (no cloak)
rCorr   .          Rampage  .   (no gloves)
Will    .....                   (no boots)
Stlth   ++........              (no amulet)
HPRegen 0.04/turn               (no ring)
MPRegen 0.08/turn               (no ring)

@: slow
A: amphibious, slowness 1, strong legs 1, +LOS
a: Hop


You were on level 1 of the Dungeon.
You visited 1 branch of the dungeon, and saw 1 of its levels.

Inventory:

Hand Weapons
 c - a +0 dagger (weapon)
Missiles
 b - 37 stones
Armour
 a - a +0 robe (worn)


   Skills:
 - Level 2.1 Dodging
 - Level 1.7 Stealth
 + Level 2.3 Spellcasting
 * Level 5.0 Summonings


You had 3 spell levels left.
You knew the following spells:

 Your Spells              Type           Power      Damage    Failure   Level
a - Summon Small Mammal   Summ           64%        N/A       2%          1

Your spell library contained the following spells:

 Spells                   Type           Power      Damage    Failure   Level
 Call Imp                 Summ           16%        N/A       4%          2
 Call Canine Familiar     Summ           16%        N/A       9%          3
 Summon Guardian Golem    Hex/Summ       9%         N/A       22%         3
 Summon Lightning Spire   Summ/Air       9%         N/A       58%         4


Dungeon Overview and Level Annotations

Branches:
Dungeon (1/15)

Altars:


Innate Abilities, Weirdness & Mutations

You are amphibious.
You cover ground slowly.
You can hop short distances.
You have an extended range of vision and can be seen from far away.


Message History

Your bat hits the hobgoblin. The quokka closely misses you.
The hobgoblin barely misses you.
You hit the hobgoblin.
The hobgoblin is severely wounded.
Your bat closely misses the hobgoblin.
The quokka closely misses you. The hobgoblin closely misses you.
You barely miss the hobgoblin.
The hobgoblin is severely wounded.
The quokka barely misses you.
Your bat completely misses the hobgoblin.
The hobgoblin hits you.
You barely miss the hobgoblin.
The hobgoblin is severely wounded.
Your bat closely misses the hobgoblin.
The quokka misses you. The hobgoblin barely misses you.
You barely miss the hobgoblin.
The hobgoblin is severely wounded.
The quokka misses you.
Your rat bites the hobgoblin but does no damage.
The hobgoblin completely misses you. The quokka bites you.
You barely miss the hobgoblin.
The hobgoblin is severely wounded.
Your bat closely misses the hobgoblin.
Your rat bites the hobgoblin.
The quokka bites you.
* * * LOW HITPOINT WARNING * * *
The hobgoblin barely misses you.
Your bat misses the quokka.
Your rat bites the hobgoblin.
The hobgoblin dies!
Your rat misses the quokka.
Your Summonings skill increases to level 5!
Your bat misses the quokka.
Your bat hits the quokka but does no damage.
The quokka closely misses your rat. The quokka bites your rat.
Your rat dies!
Your rat's corpse disappears in a puff of smoke!
Your bat misses the quokka.
Casting: Summon Small Mammal (safe; 2% risk of failure)
Confirm with . or Enter, or press ? or * to list all spells.
Your bat barely misses the quokka.
The quokka bites you.
You die...

#...... ##...... .......
#....... # #..... #....... ##
#.#..... #.#....# ...#.#....
#.#..... ..........
#####.#.#### .........#
#...........
.........#########...........
..........br@................
...........b......†).........
.............................
#######...........##.........
...............##........#
................##......†..
................########..#
.................# ####...
.##.##...........# ###......


You could see a quokka (ally target) and 2 friendly bats.

Vanquished Creatures
  2 goblins (D:1)
  A hobgoblin (D:1)
  A frilled lizard (D:1)
4 creatures vanquished.

Notes
Turn   | Place    | Note
-------+----------+-------------------------------------------
     0 | D:1      | jfcaron the Barachi Summoner began the quest for the Orb.
     0 | D:1      | Reached XP level 1. HP: 13/13 MP: 3/3
   133 | D:1      | HP: 1/13 [quokka (5)]
   135 | D:1      | Reached skill level 5 in Summonings
   138 | D:1      | Slain by a quokka

Illustrated notes

Levels and vault maps discovered:
D:1:      matt_arrival_grand_opening, layout_basic, minmay_tetromino_s4

Skill      XL: |  1 |
---------------+----+-----
Summonings     | 5 |  5.0
Dodging        | |  2.1
Stealth        | |  1.7
Spellcasting   | |  2.3

Action                   || total
-------------------------++-------
Melee: Dagger            ||    13
 Cast: Summon Small Mamm ||     7
Armor: Robe              ||     2
Dodge: Dodged            ||    17
